 Dungeon Crawl Stone Soup version 0.30.0-5-g1a98f26d00 (webtiles) character file.

Game seed: 14325168362187946824

4008 garrulousMonolith the Basher (level 10, -2/88 HPs)
             Began as a Gargoyle Fighter on May 13, 2023.
             Was a Follower of the Shining One.
             Slain by an orc knight
             ... wielding a +0 war axe
              (4 damage)
             ... in a bailey.
             The game lasted 00:10:35 (6862 turns).

garrulousMonolith the Basher (Gargoyle Fighter)     Turns: 6862, Time: 00:10:35

Health: -2/88      AC: 24    Str: 23    XL:     10   Next: 23%
Magic:  14/14      EV:  6    Int: 10    God:    the Shining One [*.....]
Gold:   437        SH: 11    Dex:  9    Spells: 9/9 levels left

rFire   . . .        E - +2 spear (venom)
rCold   . . .        r - +2 kite shield
rNeg    + . .        f - +0 plate armour
rPois   ∞            z - +1 helmet
rElec   +            D - +0 cloak
rCorr   .            k - +0 pair of gloves
SInv    .            (no boots)
Will    .....        w - amulet of faith Stlth
                     (no ring)
HPRegen 0.34/turn    (no ring)
MPRegen 0.14/turn

%: faith
@: berserking, glowing, very quick
A: sickness immunity, AC +7, negative energy resistance 1, electricity
resistance, torment resistance 1, petrification resistance
a: Renounce Religion, Divine Shield


You were in a bailey.
You worshipped the Shining One.
The Shining One was aware of your devotion.
You visited 2 branches of the dungeon, and saw 8 of its levels.
You also visited: Bailey.

You collected 437 gold pieces.

Inventory:

Hand Weapons
 a - a +0 flail
 E - a +2 spear of venom (weapon)
 F - a +0 broad axe
Armour
 f - a +0 plate armour (worn)
 k - a +0 pair of gloves (worn)
 r - a +2 kite shield (worn)
 z - a +1 helmet (worn)
 D - a +0 cloak (worn)
Jewellery
 c - a ring of resist corrosion
 d - a ring of fire
 w - an amulet of faith (around neck)
Wands
 b - a wand of flame (20)
 u - a wand of charming (7)
Scrolls
 h - a scroll of enchant armour
 i - 2 scrolls of torment {unknown}
 j - 2 scrolls of fog {unknown}
 l - 3 scrolls of magic mapping
 n - 2 scrolls of immolation {unknown}
 o - 2 scrolls of blinking {unknown}
 p - 2 scrolls of enchant weapon {unknown}
 t - a scroll of silence {unknown}
 v - 2 scrolls of teleportation {unknown}
 y - 4 scrolls of identify {unknown}
 A - a scroll of acquirement {unknown}
 B - a scroll of amnesia {unknown}
 C - a scroll of noise {unknown}
Potions
 e - a potion of lignification {unknown}
 g - a potion of haste {unknown}


   Skills:
 + Level 5.4 Fighting
 + Level 2.8(6.2) Axes
 * Level 9.4(9.7) Maces & Flails
 + Level 0.3(1.7) Polearms
 + Level 6.2 Armour
 + Level 0.6 Dodging
 + Level 1.8 Stealth
 + Level 7.3 Shields
 * Level 6.1 Invocations
 + Level 0.5 Evocations


You had 9 spell levels left.
You didn't know any spells.
Your spell library contained the following spells:

 Spells                   Type           Power      Damage    Failure   Level
 Apportation              Tloc           0%         N/A       100%        1
 Slow                     Hex            0%         N/A       100%        1
 Confusing Touch          Hex            0%         N/A       100%        3
 Stone Arrow              Conj/Erth      0%         3d7       100%        3
 Vampiric Draining        Necr           0%         2d6       100%        3
 Animate Armour           Summ/Erth      0%         N/A       100%        4
 Passage of Golubria      Tloc           0%         N/A       100%        4
 Alistair's Intoxication  Tmut/Pois      0%         N/A       100%        5
 Silence                  Hex/Air        0%         N/A       100%        5
 Lehudib's Crystal Spear  Conj/Erth      0%         10d2      100%        8


Dungeon Overview and Level Annotations

Branches:
Dungeon (7/15)             Temple (1/1) D:4          Bailey (1/1)

Altars:
Ashenzari
Cheibriados
Dithmenos
Elyvilon
Fedhas
Gozag
Hepliaklqana
Kikubaaqudgha
Makhleb
Nemelex Xobeh
Okawaru
Qazlal
Ru
Trog
Uskayaw
Wu Jian
Xom
Yredelemnul
Zin
The Shining One


Innate Abilities, Weirdness & Mutations

You are immune to sickness and miasma.
Your stone body is resilient. (AC +7)
You are immune to poison.
You resist negative energy. (rN+)
You are resistant to electric shocks. (rElec)
You are resistant to unholy torment.
You are immune to petrification.


Message History

You completely miss the orc knight.
The orc knight hits you with a +0 war axe!
You hit the orc knight but do no damage.
The orc knight looks as sick as possible!
The orc knight hits you with a +0 war axe!
You are too injured to fight recklessly!
You are too injured to fight recklessly!
You are too injured to fight recklessly!
You are too injured to fight recklessly!
You are too injured to fight recklessly!
You are too injured to fight recklessly!
You are too injured to fight recklessly!
You are too injured to fight recklessly!
You are too injured to fight recklessly!
You are too injured to fight recklessly!
You are too injured to fight recklessly!
You are too injured to fight recklessly!
You hit the orc knight.
The orc knight looks as sick as possible!
The orc knight is lightly wounded.
The orc knight hits you with a +0 war axe.
You hit the orc knight.
The orc knight looks as sick as possible!
The orc knight is moderately wounded.
The orc knight hits you but does no damage.
You hit the orc knight.
The orc knight looks as sick as possible!
The orc knight is moderately wounded.
You block the orc knight's attack.
You hit the orc knight.
The orc knight looks as sick as possible!
The orc knight is moderately wounded.
The orc knight hits you with a +0 war axe!
* * * LOW HITPOINT WARNING * * *
The orc knight hits you with a +0 war axe.
* * * LOW HITPOINT WARNING * * *
A red film seems to cover your vision as you go berserk!
You feel yourself moving faster!
You feel mighty!
The orc knight hits you with a +0 war axe.
You die...

≈≈≈≈≈#. #≈≈≈≈≈#g#
#≈≈≈≈≈~.# #≈≈≈≈≈~.#
#≈≈≈≈≈~.# ####
#≈≈≈≈≈~.######### #...
#≈≈≈≈≈~.#@)8.8..#.. #...
#≈≈≈≈≈~∩o)))....'._ #..⌠
#≈≈≈≈≈~.#..8.8..#.. #...
#≈≈≈≈≈~.######### #...
#≈≈≈≈≈~.#..# #####
#≈≈≈≈≈~.#..# #....
#≈≈≈≈≈~.#..+ #....
#≈≈≈≈≈#.##############...#
#≈≈≈≈≈#...[#)....).8.8.8.#


You could see an orc knight (extremely poisoned).

Vanquished Creatures
  An orc knight (Bailey)
  An orc sorcerer (Bailey)
  Maggie (D:6)
  A kobold demonologist (Bailey)
  Sigmund (D:6)
  2 water moccasins
  8 orc warriors (Bailey)
  A sky beast (D:5)
  A black bear (D:5)
  2 ogres
  A phantom (D:5)
  A gnoll sergeant (D:7)
  2 scorpions
  A bullfrog (D:7)
  An electric eel (Bailey)
  2 hounds
  2 orc priests
  Crazy Yiuf (D:6)
  A jelly (D:5)
  4 iguanas
  A sleepcap (D:6)
  4 orc wizards
  17 gnolls
  7 adders
  A shadow imp (D:5)
  A white imp (D:5)
  3 ufetubi
  3 worms
  3 dart slugs
  14 orcs
  6 bats
  9 endoplasms
  4 giant cockroaches
  12 goblins
  7 hobgoblins
  3 jackals (D:2)
  5 kobolds
  5 quokkas
  6 ball pythons
  4 frilled lizards (D:1)
  3 rats
153 creatures vanquished.

Vanquished Creatures (others)
  An orc warrior (Bailey)
  2 gnolls (D:4)
3 creatures vanquished.

Grand Total: 156 creatures vanquished

Notes
Turn   | Place    | Note
-------+----------+-------------------------------------------
     0 | D:1      | garrulousMonolith the Gargoyle Fighter began the quest for
                  | the Orb.
     0 | D:1      | Reached XP level 1. HP: 14/14 MP: 1/1
   213 | D:1      | Reached XP level 2. HP: 19/19 MP: 2/2
   500 | D:1      | Reached XP level 3. HP: 23/23 MP: 3/3
   928 | D:2      | Reached skill level 1 in Invocations
  1052 | D:2      | Reached skill level 3 in Maces & Flails
  1206 | D:2      | Reached XP level 4. HP: 27/29 MP: 4/4
  1805 | D:3      | Reached XP level 5. HP: 33/33 MP: 6/6
  1957 | D:3      | Found a faded altar of an unknown god.
  2129 | D:3      | Found a glowing golden altar of the Shining One.
  2138 | D:3      | Found an ornate altar of the Wu Jian Council.
  2150 | D:3      | Became a worshipper of the Shining One
  2452 | D:4      | Found a staircase to the Ecumenical Temple.
  2653 | D:4      | Reached skill level 4 in Maces & Flails
  2893 | D:4      | Found an iron altar of Okawaru.
  3283 | Temple   | Entered the Ecumenical Temple
  3507 | D:5      | Entered Level 5 of the Dungeon
  3507 | D:5      | Noticed an ogre
  3519 | D:4      | Killed an ogre
  3520 | D:4      | Reached XP level 6. HP: 20/38 MP: 7/7
  3787 | D:5      | Reached skill level 5 in Maces & Flails
  3915 | D:5      | Noticed a black bear
  3928 | D:5      | Killed a black bear
  3929 | D:5      | Reached XP level 7. HP: 36/43 MP: 9/9
  3972 | D:5      | Reached * piety under the Shining One
  4670 | D:5      | Reached skill level 6 in Maces & Flails
  4898 | D:6      | Reached XP level 8. HP: 32/48 MP: 10/10
  4921 | D:5      | Reached skill level 5 in Armour
  5257 | D:6      | Reached skill level 5 in Shields
  5395 | D:6      | Reached skill level 7 in Maces & Flails
  5503 | D:6      | Found a runed translucent door.
  5504 | D:6      | Noticed Crazy Yiuf
  5538 | D:6      | Noticed Sigmund
  5547 | D:6      | Killed Sigmund
  5606 | D:6      | Noticed Maggie
  5637 | D:6      | Killed Maggie
  5638 | D:6      | Reached skill level 8 in Maces & Flails
  5638 | D:6      | Reached XP level 9. HP: 36/52 MP: 12/12
  5844 | D:6      | Killed Crazy Yiuf
  5936 | D:7      | Reached skill level 1 in Stealth
  6088 | D:7      | Found a flagged portal.
  6108 | Bailey   | Entered a bailey
  6164 | Bailey   | Reached skill level 5 in Invocations
  6532 | Bailey   | Noticed an orc sorcerer
  6538 | Bailey   | Reached skill level 5 in Fighting
  6540 | Bailey   | Noticed a red devil
  6543 | Bailey   | Noticed a hellwing
  6543 | Bailey   | Killed an orc sorcerer
  6544 | Bailey   | Reached skill level 1 in Axes
  6544 | Bailey   | Reached skill level 9 in Maces & Flails
  6669 | Bailey   | Noticed a kobold demonologist
  6670 | Bailey   | Found an iron altar of Okawaru.
  6670 | Bailey   | Noticed a hellwing
  6680 | Bailey   | Reached XP level 10. HP: 59/59 MP: 14/14
  6682 | Bailey   | Noticed a sun demon
  6707 | Bailey   | The Shining One protects you from harm!
  6709 | Bailey   | Killed a kobold demonologist
  6711 | Bailey   | Noticed an orc knight
  6722 | Bailey   | Killed an orc knight
  6854 | Bailey   | Noticed an orc knight
  6861 | Bailey   | HP: 1/59 [orc knight/+0 war axe (6)]
  6862 | Bailey   | Slain by an orc knight

Illustrated notes

Levels and vault maps discovered:
D:1:      lightli_arrival_chessboard, layout_basic, dreamdust_mushroom_princess
D:2:      layout_loops_cross
D:3:      layout_rooms, mainiacjoe_overflow_swirl,
          shapermc_ecumenical_altar_petra, solitary_fountain
D:4:      layout_basic, mainiacjoe_overflow_alcove_2,
          minmay_temple_entry_gardened_gates
D:5:      layout_layer_cave, chequers_mini_garden
D:6:      layout_cave_pools, minmay_misc_feat_enclosed, uniq_maggie,
          uniq_sigmund, uniq_crazy_yiuf_cottage
D:7:      layout_loops_corners, lightli_bailey_entry_fortress
Temple:   minmay_crystal_spiral_temple
Bailey:   bailey_axe_of_yendor_kennysheep, bailey

Skill      XL: |  1  2  3  4  5  6  7  8  9 10 |
---------------+-------------------------------+-----
Invocations    | 1 2 3 4 5 6 |  6.1
Maces & Flails | 3 4 5 6 8 9 |  9.4
Fighting       | 4 5 |  5.4
Armour         | 4 5 6 |  6.2
Shields        | 4 6 7 |  7.3
Stealth        | 1 |  1.8
Axes           | 1 2 |  2.8
Polearms       | |  0.3
Dodging        | |  0.6
Evocations     | |  0.5

Action                     |  1- 3 |  4- 6 |  7- 9 | 10-12 || total
---------------------------+-------+-------+-------+-------++-------
  Melee: Flail             |   134 |   193 |   325 |       ||   652
         Broad axe         |       |       |    25 |    18 ||    43
         Spear             |       |       |       |    21 ||    21
 Invoke: Divine Shield     |       |       |     2 |     1 ||     3
  Evoke: Wand              |       |     2 |     4 |     3 ||     9
    Use: Potion            |       |     1 |     3 |     5 ||     9
         Scroll            |       |       |     2 |       ||     2
 Armour: Scale mail        |     3 |       |       |       ||     3
         Plate armour      |   123 |   164 |   233 |    35 ||   555
  Dodge: Dodged            |    51 |    50 |    71 |    18 ||   190
  Block: Buckler           |    35 |     5 |       |       ||    40
         Kite shield       |       |   110 |   276 |    47 ||   433
